 Dungeon Crawl Stone Soup version 0.21-a0-536-gdbbf329 (webtiles) character file.

155 slep the Chopper (level 5, -1/40 HPs)
             Began as a Demonspawn Gladiator on Dec 15, 2017.
             Slain by an adder (5 damage)
             ... on level 4 of the Dungeon.
             The game lasted 00:03:55 (769 turns).

slep the Chopper (Demonspawn Gladiator)              Turns: 769, Time: 00:03:57

Health: -1/40      AC:  6    Str: 16    XL:     5   Next: 14%
Magic:  5/5        EV: 13    Int:  9    God:
Gold:   64         SH:  0    Dex: 14    Spells: 4/4 levels left

rFire    . . .     SeeInvis .   a - +0 war axe
rCold    . . .     Gourm    .   (no shield)
rNeg     . . .     Faith    .   b - +0 leather armour
rPois    .         Spirit   .   c - +0 helmet
rElec    .         Reflect  .   (no cloak)
rCorr    .         Harm     .   (no gloves)
MR       .....                  (no boots)
Stlth    +.........             (no amulet)
HPRegen  0.13/turn              (no ring)
MPRegen  0.09/turn              (no ring)

@: lethally poisoned (-1 -> -6)
A: iridescent scales 1, powered by death 1
a: no special abilities


You were on level 4 of the Dungeon.
You were not hungry.

You visited 1 branch of the dungeon, and saw 4 of its levels.

You collected 64 gold pieces.

Inventory:

Hand Weapons
 a - a +0 war axe (weapon)
Missiles
 d - 3 throwing nets (quivered)
Armour
 b - a +0 leather armour (worn)
 c - a +0 helmet (worn)
Scrolls
 e - 2 scrolls of teleportation {unknown}
 h - 2 scrolls of identify {unknown}
 j - a scroll of blinking {unknown}
 n - a scroll of amnesia {unknown}
 o - a scroll of immolation {unknown}
Potions
 i - a potion of magic {unknown}
 k - a potion of agility {unknown}
 m - a potion of might {unknown}
Comestibles
 f - 4 bread rations
 g - a meat ration
 l - 6 chunks of flesh


   Skills:
 + Level 2.8 Fighting
 + Level 4.0 Axes
 + Level 1.8 Throwing
 + Level 1.3 Armour
 + Level 3.4 Dodging
 + Level 0.3 Stealth


You had 4 spell levels left.
You didn't know any spells.

Dungeon Overview and Level Annotations

Branches:
Dungeon (4/15)
 Temple: D:4-7

Altars:
Dithmenos

Annotations:
D:3 avis's ghost, amateur DgWn


Innate Abilities, Weirdness & Mutations

You are partially covered in iridescent scales. (AC +2)
You regenerate a little health from kills.


Message History

You barely miss the adder.
The adder is severely wounded.
You barely miss the adder.
* * * LOW HITPOINT WARNING * * *
You feel sick. The adder closely misses you.
The adder bites you but does no damage. x2; The adder closely misses you.
You barely miss the adder.
The adder is severely wounded.
You hit the adder.
* * * LOW HITPOINT WARNING * * *
You feel sick. The adder barely misses you.
The adder bites you but does no damage. The adder misses you.
The adder closely misses you.
You completely miss the adder.
The adder is lightly wounded.
You barely miss the adder.
* * * LOW HITPOINT WARNING * * *
You feel sick. The adder misses you. The adder bites you but does no damage.
The adder bites you.
You die...

#...........#
#...........#
##.........#
#.....)...#
#####..####
###....#
##....#.#
###...###..#
#@S.### #.#
#..S### ..
#....## #.#
#....## ..
...## #.. .#


You could see 2 adders.

Vanquished Creatures
  A bullfrog (D:2)
  An orc priest (D:3)
  An adder (D:4)
  An ooze (D:1)
  A dart slug (D:1)
  4 leopard geckos
  3 orcs (D:3)
  3 bats
  3 goblins
  7 hobgoblins
  4 jackals (D:3)
  A quokka (D:3)
  2 ball pythons
  2 frilled lizards (D:1)
  3 kobolds
  3 rats (D:1)
40 creatures vanquished.

Notes
Turn   | Place    | Note
-------+----------+-------------------------------------------
     0 | D:1      | slep the Demonspawn Gladiator began the quest for the Orb.
     0 | D:1      | Reached XP level 1. HP: 16/16 MP: 1/1
    19 | D:1      | Reached skill level 3 in Axes
    19 | D:1      | Gained mutation: You regenerate a little health from kills. [demonic ancestry]
    19 | D:1      | Reached XP level 2. HP: 16/22 MP: 2/2
   414 | D:1      | Reached XP level 3. HP: 28/28 MP: 3/3
   488 | D:2      | Noticed a bullfrog
   497 | D:2      | Killed a bullfrog
   497 | D:2      | Reached XP level 4. HP: 32/34 MP: 4/4
   629 | D:3      | Found a shadowy altar of Dithmenos.
   654 | D:3      | Reached skill level 4 in Axes
   654 | D:3      | Reached skill level 1 in Armour
   654 | D:3      | Gained mutation: You are partially covered in iridescent scales. (AC +2) [demonic ancestry]
   654 | D:3      | Reached XP level 5. HP: 37/39 MP: 5/5
   729 | D:3      | Noticed avis's ghost (amateur DgWn)
   769 | D:4      | Slain by an adder

Vault maps used:
D:1:      minmay_arrival_plants_in_alcoves, minivault_27
D:2:      first_bread
D:3:      grunt_dithmenos_smoke_and_mirrors, dk_vineyard_1
D:4:      kennysheep_slug_shrine

Skill      XL: |  1  2  3  4 |
---------------+-------------+-----
Axes           | 3 4 |  4.0
Dodging        | 3 |  3.4
Armour         | 1 |  1.3
Fighting       | |  2.8
Throwing       | |  1.8
Stealth        | |  0.3

Action                   |  1- 3 |  4- 6 || total
-------------------------+-------+-------++-------
Melee: War axe           |    65 |    58 ||   123
 Stab: Sleeping          |     1 |       ||     1
Armor: Leather armour    |    24 |    27 ||    51
Dodge: Dodged            |    66 |   111 ||   177

Table legend:
 A = Spawn XP
 B = Non-spawn XP
 C = Spawn XP percentage of total XP
 D = Spawn monster count
 E = Non-spawn monster count
 F = Spawn count percentage of total count
 G = Total turns spent on level
                    A         B        C        D         E        F      G
               +---------+---------+-------+---------+---------+-------+---------
         Total |       0 |     222 |   0.0 |       0 |      40 |   0.0 |   769
               +---------+---------+-------+---------+---------+-------+---------
           D:1 |       0 |      42 |   0.0 |       0 |      20 |   0.0 |   467
           D:2 |       0 |      90 |   0.0 |       0 |       1 |   0.0 |    84
           D:3 |       0 |      77 |   0.0 |       0 |      18 |   0.0 |   186
           D:4 |       0 |      13 |   0.0 |       0 |       1 |   0.0 |    32
               +---------+---------+-------+---------+---------+-------+---------
